 Dungeon Crawl Stone Soup version 0.30-a0-578-gdee14c521f (webtiles) character file.

Game seed: 13300787599284043984

40880 wormed the Unseen (level 13, -1/69 HPs)
             Began as a Spriggan Hunter on Jan 1, 2023.
             Was the Champion of Okawaru.
             Slain by a catoblepas (15 damage)
             ... while petrified by a catoblepas
             ... on level 4 of the Lair of Beasts.
             The game lasted 00:26:41 (13498 turns).

wormed the Unseen (Spriggan Hunter)                Turns: 13498, Time: 00:26:42

Health: -1/69      AC: 10    Str:  7    XL:     13   Next: 77%
Magic:  20/20      EV:  4    Int: 10    God:    Okawaru [******]
Gold:   1360       SH:  0    Dex: 24    Spells: 10/12 levels left

rFire   + . .      SeeInvis +    H - +1 shortbow (freeze)
rCold   . . .      Faith    .    (shield currently unavailable)
rNeg    + + +      Spirit   .    y - +0 robe "Ruqampew" {rF+ Regen+ Slay+5}
rPois   ∞          Reflect  .    B - +1 hat
rElec   .          Harm     .    w - +2 cloak {Stlth+}
rCorr   .          Rampage  .    (gloves unavailable)
Will    +++..                    (boots unavailable)
Stlth   ++++++++                 A - amulet of regeneration
HPRegen 1.91/turn                m - ring of willpower
MPRegen 0.17/turn                h - +4 ring of protection

@: petrified, studying Armour, very quick
A: very small, no large weapons, unfitting armour, see invisible, speed 3
a: Renounce Religion, Heroism, Finesse, Duel


You were on level 4 of the Lair of Beasts.
You worshipped Okawaru.
Okawaru was exalted by your worship.
You visited 3 branches of the dungeon, and saw 17 of its levels.
You also visited: Bailey.

You collected 1360 gold pieces.

Inventory:

Hand Weapons
 r - a +0 arbalest
 H - a +1 shortbow of freezing (weapon)
 N - a +2 hand crossbow of draining
Armour
 w - a +2 cloak of stealth (worn)
 y - the +0 robe "Ruqampew" (worn) {rF+ Regen+ Slay+5}
   (You found it on level 5 of the Dungeon)

   Slay:      It affects your accuracy & damage with ranged weapons and melee
   (+5).
   rF:        It protects you from fire.
   Regen:     It increases your rate of health regeneration.
 B - a +1 hat (worn)
 M - a +0 buckler of reflection
Jewellery
 e - a ring of positive energy
 h - a +4 ring of protection (right hand)
 m - a ring of willpower (left hand)
 x - a ring of protection from cold
 A - an amulet of regeneration (around neck)
Wands
 a - a wand of iceblast (17)
 j - a wand of mindburst (8)
 I - a wand of flame (44)
Scrolls
 b - 2 scrolls of immolation
 d - a scroll of fog {unknown}
 i - 7 scrolls of magic mapping
 o - 2 scrolls of poison
 p - 7 scrolls of teleportation
 s - 2 scrolls of blinking
 z - a scroll of silence
 C - a scroll of summoning {unknown}
 E - 2 scrolls of enchant armour
 J - 2 scrolls of enchant weapon {unknown}
 K - 3 scrolls of noise
Potions
 c - 2 potions of invisibility {unknown}
 f - 9 potions of curing
 g - 4 potions of flight
 k - 3 potions of might
 l - 5 potions of lignification
 n - 6 potions of brilliance
 q - 5 potions of mutation
 t - 2 potions of degeneration {unknown}
 u - 2 potions of attraction {unknown}
 D - 3 potions of haste {unknown}
 F - 2 potions of cancellation {unknown}
 L - 2 potions of heal wounds


   Skills:
 + Level 8.7 Fighting
 * Level 14.7 Ranged Weapons
 + Level 13.3 Dodging
 + Level 15.4 Stealth
 - Level 8.8 Invocations


You had 10 spell levels left.
You knew the following spells:

 Your Spells              Type           Power      Damage    Failure   Level
a - Blink                 Tloc           0%         N/A       50%         2

Your spell library contained the following spells:

 Spells                   Type           Power      Damage    Failure   Level
 Foxfire                  Conj/Fire      0%         2x1d4     36%         1
 Necrotise                Necr           0%         1d4       36%         1
 Cigotuvi's Dreadful Rot  Necr/Pois/Air  0%         N/A       50%         2
 Inner Flame              Hex/Fire       0%         N/A       75%         3
 Ozocubu's Armour         Ice            0%         N/A       75%         3
 Vampiric Draining        Necr           0%         2d6       75%         3
 Anguish                  Hex/Necr       0%         N/A       98%         4
 Dispel Undead            Necr           0%         3d6       98%         4
 Flame Wave               Conj/Fire      0%         2d4       98%         4
 Manifold Assault         Tloc           0%         N/A       98%         4
 Passage of Golubria      Tloc           0%         N/A       98%         4
 Sticky Flame             Conj/Fire      0%         2d3       98%         4
 Agony                    Necr           0%         N/A       100%        5
 Fireball                 Conj/Fire      0%         3d3       100%        5
 Metabolic Englaciation   Hex/Ice        0%         N/A       100%        5
 Silence                  Hex/Air        0%         N/A       100%        5
 Starburst                Conj/Fire      0%         6d3       100%        6
 Enfeeble                 Hex            0%         N/A       100%        7
 Ozocubu's Refrigeration  Ice            0%         4d7       100%        7
 Storm Form               Tmut/Air       0%         N/A       100%        7
 Lehudib's Crystal Spear  Conj/Erth      0%         10d2      100%        8
 Death Channel            Necr           Unusable   N/A       N/A         6
 Simulacrum               Ice/Necr       Unusable   N/A       N/A         6

Dungeon Overview and Level Annotations

Branches:
Dungeon (11/15)            Temple (1/1) D:5            Lair (5/5) D:11
  Swamp (0/4) Lair:2        Snake (0/4) Lair:3        Slime (0/5) Lair:4
    Orc (0/2) D:11         Bailey (visited)

Altars:
Ashenzari
Cheibriados
Dithmenos
Elyvilon
Fedhas
Gozag
Hepliaklqana
Kikubaaqudgha
Makhleb
Nemelex Xobeh
Okawaru
Qazlal
Ru
Sif Muna
Trog
Uskayaw
Vehumet
Wu Jian
Xom
Yredelemnul
Zin
The Shining One
Jiyva

Shops:
D:4 *   D:10 :


Innate Abilities, Weirdness & Mutations

You are very small and have problems with some larger weapons.
You are too small for most types of armour.
You have supernaturally acute eyesight. (SInv)
You cover ground extremely quickly. (Speed+++)


Message History

The catoblepas is heavily wounded.
You are engulfed in calcifying dust.
Fire: H) +1 shortbow (freeze)
Press: ? - help, Q - select action, (/) - cycle Shift-Dir - straight line, f/p - catoblepas
Aim: a catoblepas (heavily wounded, 93% to hit)
You shoot an arrow.
The arrow hits the catoblepas but does no damage.
The catoblepas is heavily wounded.
You are engulfed in calcifying dust.
The catoblepas breathes a plume of calcifying dust at you.
The blast of calcifying dust hits you!
Fire: H) +1 shortbow (freeze)
Press: ? - help, Q - select action, (/) - cycle Shift-Dir - straight line, f/p - catoblepas
Aim: a catoblepas (heavily wounded, 93% to hit)
You shoot an arrow. The arrow hits the catoblepas.
The arrow freezes the catoblepas.
The catoblepas is heavily wounded.
You are engulfed in calcifying dust.
You are slowing down.
The catoblepas breathes a plume of calcifying dust at you.
The blast of calcifying dust hits you. The catoblepas gores you!!
Your limbs are stiffening.
The catoblepas breathes a plume of calcifying dust at you.
The blast of calcifying dust hits you but does no damage.
You have turned to stone.
The catoblepas breathes a plume of calcifying dust at you.
The blast of calcifying dust hits you.
You are engulfed in calcifying dust.
The catoblepas gores you!!
* * * LOW HITPOINT WARNING * * *
You are engulfed in calcifying dust.
The catoblepas gores you!!
* * * LOW HITPOINT WARNING * * *
You are engulfed in calcifying dust.
The catoblepas breathes a plume of calcifying dust at you.
The blast of calcifying dust hits you!
* * * LOW HITPOINT WARNING * * *
You are engulfed in calcifying dust.
The catoblepas breathes a plume of calcifying dust at you.
The blast of calcifying dust hits you.
You are engulfed in calcifying dust.
The catoblepas gores you!!
You die...

#.................P..
#....P....P..........
##..##....+........#.
##...#...#........###
##....######.......###
#...§#.#.#............
##....................
##...................
#P§§@Y>†.............
#....................
###..###.###.........#
#....# ######....#.###
###.######.##.....####
#.##.....###...##...
##.##.......'...###..
#P.#.#>....#.........
#P..#.....##.P...#...


You could see a catoblepas.

Vanquished Creatures
  Gastronok (D:8)
  An orc warlord (Bailey)
  A dire elephant (Lair:2)
  2 two-headed ogres
  Urug (Lair:1)
  Lodul (D:10)
  An oklob plant (D:5)
  3 black mambas
  16 elephants
  3 cane toads
  2 rime drakes
  Psyche (D:10)
  5 komodo dragons
  3 trolls
  14 blink frogs
  2 hornets
  6 dream sheep (Lair:4)
  2 shadows
  A spriggan (Lair:2)
  4 wyverns
  2 basilisks
  3 wraiths
  35 yaks
  A vampire (D:11)
  A steam dragon (D:7)
  4 vampire mosquitoes (D:11)
  A naga (Lair:3)
  Edmund (D:5)
  A warg (D:11)
  A swamp drake (Lair:3)
  11 water moccasins
  8 orc warriors
  A sky beast (D:7)
  An ice beast (D:8)
  13 ogres
  7 wolves (Lair:3)
  2 centaurs
  A phantom (D:4)
  A kobold brigand (D:8)
  2 necrophages
  2 scorpions
  8 bullfrogs
  9 wights
  10 killer bees (D:9)
  6 howler monkeys
  An electric eel (Lair:3)
  A crimson imp (D:4)
  A hound (D:7)
  9 orc priests
  3 jellies
  14 iguanas
  12 orc wizards
  Natasha (thrice) (D:2)
  7 hell rats (Lair:3)
  3 gnolls (Bailey)
  7 adders
  A white imp (D:4)
  3 adder zombies (D:2)
  2 worms
  The ghost of Esekla the Sneak, a weakling OpDe (D:5)
  3 dart slugs
  An adder simulacrum (D:2)
  46 orcs
  8 endoplasms
  6 giant cockroaches
  23 goblins
  6 hobgoblins
  8 jackals
  20 kobolds
  9 quokkas
  9 ball pythons
  A ball python simulacrum (D:2)
  A ball python skeleton (D:2)
  3 bats
  19 frilled lizards
  4 rats
437 creatures vanquished.

Vanquished Creatures (others)
  A water moccasin (Lair:5)
  An orc wizard (D:4)
  77 fungi
  68 plants
  17 withered plants
164 creatures vanquished.

Grand Total: 601 creatures vanquished

Notes
Turn   | Place    | Note
-------+----------+-------------------------------------------
     0 | D:1      | wormed the Spriggan Hunter began the quest for the Orb.
     0 | D:1      | Reached XP level 1. HP: 10/10 MP: 2/2
   100 | D:1      | Reached skill level 2 in Stealth
   119 | D:1      | Reached XP level 2. HP: 8/15 MP: 3/3
   224 | D:1      | Found a faded altar of an unknown god.
   794 | D:2      | Reached XP level 3. HP: 18/18 MP: 4/4
   854 | D:2      | Reached skill level 3 in Stealth
  1104 | D:2      | Reached XP level 4. HP: 23/23 MP: 5/5
  1300 | D:2      | Noticed Natasha
  1314 | D:2      | HP: 1/23 [Natasha/magic dart (8)]
  1497 | D:2      | Found the +4 dagger "Morg" {pain, Will+ Int+5}
  1664 | D:3      | Found an opulent altar of Gozag.
  1762 | D:3      | Found a bloodstained altar of Trog.
  1777 | D:3      | Noticed a scorpion
  1799 | D:3      | Killed a scorpion
  1800 | D:3      | Reached skill level 5 in Ranged Weapons
  1800 | D:3      | Reached XP level 5. HP: 27/27 MP: 6/6
  1857 | D:3      | Reached skill level 4 in Stealth
  2288 | D:2      | Killed Natasha
  2295 | D:2      | Noticed Natasha
  2304 | D:2      | Killed Natasha
  2433 | D:2      | Noticed Natasha
  2441 | D:2      | Killed Natasha
  2442 | D:2      | Reached XP level 6. HP: 32/32 MP: 7/7
  2483 | D:4      | Found an ornate altar of the Wu Jian Council.
  2806 | D:4      | Found a shadowy altar of Dithmenos.
  2817 | D:4      | Reached skill level 5 in Stealth
  2902 | D:4      | Found a sacrificial altar of Ru.
  2922 | D:4      | Reached skill level 5 in Dodging
  2959 | D:4      | Found Dufelyv's Lightly-Used Armoury.
  3059 | D:4      | Reached XP level 7. HP: 5/36 MP: 8/8
  3250 | D:4      | Found a radiant altar of Vehumet.
  3515 | D:5      | Entered Level 5 of the Dungeon
  3515 | D:5      | Found a transporter.
  3554 | D:5      | Noticed Esekla's ghost (weakling OpDe)
  3558 | D:5      | Found a transporter.
  3558 | D:5      | Identified the +7 dire flail of the Furious {venom, rN++}
  3692 | D:5      | Found a glowing golden altar of the Shining One.
  3710 | D:5      | Identified the +0 robe "Ruqampew" {rF+ Regen+ Slay+5}
  3718 | D:5      | Reached skill level 6 in Stealth
  3772 | D:5      | Noticed Edmund
  3775 | D:5      | Killed Edmund
  3788 | D:5      | Reached XP level 8. HP: 34/42 MP: 9/9
  3838 | D:5      | Found a shimmering blue altar of Sif Muna.
  4260 | D:5      | Found a staircase to the Ecumenical Temple.
  4275 | D:5      | Found a blossoming altar of Fedhas.
  4298 | D:5      | Noticed an oklob plant
  4343 | Temple   | Entered the Ecumenical Temple
  5114 | D:6      | Reached skill level 7 in Stealth
  5365 | D:6      | Found an iron altar of Okawaru.
  5375 | D:6      | Became a worshipper of Warmaster Okawaru
  5690 | D:7      | Reached skill level 8 in Stealth
  5871 | D:7      | Reached * piety under Okawaru
  5923 | D:7      | Reached XP level 9. HP: 46/46 MP: 10/10
  5974 | D:7      | Found a hazy altar of Hepliaklqana.
  6026 | D:7      | Found a glowing silver altar of Zin.
  6026 | D:7      | Found a hide-covered altar of Uskayaw.
  6266 | D:7      | Identified 2 scrolls of acquirement
  6267 | D:7      | Acquired a manual of Armour
  6269 | D:7      | Acquired a +2 cloak of stealth
  6507 | D:5      | Reached skill level 9 in Stealth
  6516 | D:5      | Reached skill level 5 in Fighting
  6517 | D:5      | Killed Esekla's ghost
  6710 | D:5      | Killed an oklob plant
  6710 | D:5      | Reached ** piety under Okawaru
  7073 | D:8      | Reached skill level 10 in Stealth
  7073 | D:8      | Reached *** piety under Okawaru
  7074 | D:8      | Reached skill level 10 in Ranged Weapons
  7080 | D:8      | Reached XP level 10. HP: 51/51 MP: 11/11
  7093 | D:8      | Noticed Gastronok
  7116 | D:8      | Reached **** piety under Okawaru
  7504 | D:8      | Found a basalt altar of Yredelemnul.
  7591 | D:8      | Found a flagged portal.
  7597 | Bailey   | Entered a bailey
  7603 | Bailey   | Noticed an orc warlord
  7659 | Bailey   | Found a runed translucent gate.
  7659 | Bailey   | Found a runed translucent gate.
  7659 | Bailey   | Found a runed translucent gate.
  7686 | Bailey   | Reached skill level 11 in Stealth
  7920 | Bailey   | Killed an orc warlord
  7920 | Bailey   | Reached ***** piety under Okawaru
  7975 | D:8      | Reached XP level 11. HP: 56/56 MP: 11/18
  8119 | D:8      | Killed Gastronok
  8119 | D:8      | Identified the +1 robe of Repulsion {rC+ Slay+2} (Okawaru
                  | gifted it to you on level 8 of the Dungeon)
  8119 | D:8      | Received a gift from Okawaru
  8120 | D:8      | Reached skill level 10 in Dodging
  8187 | D:9      | Found a sparkling altar of Nemelex Xobeh.
  8416 | D:9      | Paralysed by a hornet for 2 turns
  8467 | D:9      | Noticed a two-headed ogre
  8477 | D:9      | Killed a two-headed ogre
  8478 | D:9      | Reached skill level 12 in Stealth
  8478 | D:9      | Reached XP level 12. HP: 62/62 MP: 19/19
  8724 | D:10     | Entered Level 10 of the Dungeon
  8743 | D:10     | Identified the +9 spear "Pobeageg" {freeze, rF+ Will++
                  | rCorr Str-5}
  8918 | D:10     | Noticed Psyche
  8920 | D:10     | Killed Psyche
  9034 | D:10     | Found a shimmering altar of Xom.
  9115 | D:10     | Noticed Lodul
  9391 | D:10     | Found Gyss's Book Boutique.
  9402 | D:10     | Learned a level 2 spell: Blink
  9452 | D:10     | Killed Lodul
  9571 | D:11     | Found a staircase to the Orcish Mines.
  9633 | D:11     | Found a staircase to the Lair.
  9933 | D:11     | Reached skill level 13 in Stealth
  9936 | D:11     | Noticed a two-headed ogre
  9943 | D:11     | Killed a two-headed ogre
  9943 | D:11     | Identified the +6 broad axe "Obemiq" {venom, +Blink Will-
                  | Str+3 Int+2} (Okawaru gifted it to you on level 11 of the
                  | Dungeon)
  9943 | D:11     | Received a gift from Okawaru
 10296 | Lair:1   | Entered Level 1 of the Lair of Beasts
 10330 | Lair:1   | Reached ****** piety under Okawaru
 10481 | Lair:1   | Noticed Urug
 10490 | Lair:1   | Killed Urug
 10615 | Lair:1   | You fall into a shaft and drop 1 floor!
 10827 | Lair:2   | Identified the +2 troll leather armour "Cuohud" {Regen+
                  | Int+2} (Okawaru gifted it to you on level 2 of the Lair of
                  | Beasts)
 10827 | Lair:2   | Received a gift from Okawaru
 10854 | Lair:2   | Noticed a dire elephant
 10938 | Lair:2   | Killed a dire elephant
 10939 | Lair:2   | Reached skill level 14 in Stealth
 10939 | Lair:2   | Reached XP level 13. HP: 68/68 MP: 20/20
 11062 | Lair:2   | Found a staircase to the Swamp.
 11885 | Lair:3   | Found a staircase to the Snake Pit.
 12208 | Lair:3   | Received a gift from Okawaru
 12649 | Lair:4   | Found a viscous altar of Jiyva.
 12649 | Lair:4   | Found a staircase to the Slime Pits.
 12758 | Lair:4   | Reached skill level 15 in Stealth
 13017 | Lair:4   | Received a gift from Okawaru
 13406 | Lair:5   | Entered Level 5 of the Lair of Beasts
 13498 | Lair:4   | Slain by a catoblepas

Illustrated notes

Levels and vault maps discovered:
D:1:      pf_arrival_petrified_forest, layout_basic,
          hellmonk_ecumenical_altar_slurped_away, minmay_pentomino_u4
D:2:      wander_river, layout_basic, minmay_misc_feat_rugged,
          dilly_guarded_unrand_morg
D:3:      minmay_general_purpose_star, layout_rooms,
          mainiacjoe_overflow_boulevard, nicolae_gozag_seed_capital,
          serial_bayou_pond_b, corner_web_ring,
          nicolae_concentric_dashed_squares_wild
D:4:      layout_basic, nicolae_dithmenos_shadow_blocks,
          nicolae_overflow_hidden_temple, nicolae_ru_sacrificial_ziggurat,
          nicolae_vehumet_radiance, minmay_shop_damaged, minmay_fire_ice_demons
D:5:      layout_loops_ring, amcnicky_altar_gilded, tgw_fedhas,
          mainiacjoe_overflow_alcove_2, minmay_temple_entry_glassed_door,
          gammafunk_ghost_smash, uniq_edmund
D:6:      layout_cave_pools, kennysheep_okawaru_gauntlet
D:7:      layout_basic, gammafunk_temple_overflow_elements, lemuel_doored_altar,
          minmay_circle_x
D:8:      layout_loops_ring, yredelemnul_altar_generic, enter_bailey_3,
          uniq_gastronok
D:9:      layout_loops_ring, nicolae_overflow_crystal_walls
D:10:     layout_roguey, general_overflow_altar, serial_shops, shop,
          uniq_psyche, uniq_lodul
D:11:     layout_stronghold, dpeg_oklobed_lair, david_orc_3, serial_glass,
          glass_columns_c, glass_columns_c
Temple:   nicolae_temple_two_arcs
Lair:1:   layout_hall_layers, grunt_megastairs_3, uniq_urug
Lair:2:   mu_elephants_graveyard, layout_cave_pods, swamp_mist
Lair:3:   lemuel_reptile_caves, layout_regular_city,
          guppyfry_snake_entry_island, serial_bayou_shore_b
Lair:4:   layout_regular_city, slime_entry_1
Lair:5:   guppyfry_lair_end_dragon, layout_big_grid,
          hangedman_lair_caniforms_friends, grunt_forest_small_clearings,
          minmay_lair_oklob_items, grunt_megastairs_2, lemuel_fruit_fields

Skill      XL: |  1  2  3  4  5  6  7  8  9 10 11 12 13 |
---------------+----------------------------------------+-----
Stealth        | 2 3 4 5 6 8 10 11 12 14 15 | 15.4
Dodging        | 3 4 5 6 7 8 9 10 12 13 | 13.3
Fighting       | 2 3 4 5 6 7 8 |  8.7
Ranged Weapons | 5 6 7 8 10 11 13 14 | 14.7
Invocations    | 8 |  8.8

Action                   |  1- 3 |  4- 6 |  7- 9 | 10-12 | 13-15 || total
-------------------------+-------+-------+-------+-------+-------++-------
 Fire: Shortbow          |   103 |   170 |       |   237 |   401 ||   911
       Arbalest          |       |    16 |   268 |   327 |       ||   611
  Use: Scroll            |       |    11 |     5 |     2 |     6 ||    24
       Potion            |       |       |       |     1 |       ||     1
Armor: Robe              |     2 |     7 |    10 |    44 |    18 ||    81
Dodge: Dodged            |    32 |    47 |   108 |   319 |   131 ||   637

Table legend: (Time is in decaauts)
 A = Elapsed time spent in this place.
 B = Non-inter-level travel time spent in this place.
 C = Inter-level travel time spent in this place.
 D = Time resting spent in this place.
 E = Time spent auto-exploring this place.
 F = Levels seen in this place.
 G = Mean time per level.
                   A        B        C        D        E       F      G
               +--------+--------+--------+--------+--------+-----+--------+
         Total |   9834 |   9343 |    491 |    181 |   6381 |  18 |  546.3 |
       Dungeon |   7323 |   6898 |    425 |    181 |   4835 |  11 |  665.7 |
        Temple |     71 |     71 |      0 |      0 |     63 |   1 |   71.0 |
          Lair |   2144 |   2078 |     66 |      0 |   1366 |   5 |  428.8 |
        Bailey |    294 |    294 |      0 |      0 |    116 |   1 |  294.0 |
               +--------+--------+--------+--------+--------+-----+--------+

Top non-repeatable levels by time:
     D:5: 1340 daAuts
     D:7: 875 daAuts
     D:4: 834 daAuts
  Lair:2: 681 daAuts
     D:2: 664 daAuts
     D:1: 639 daAuts
  Lair:3: 635 daAuts
     D:8: 625 daAuts
    D:10: 599 daAuts
  Lair:4: 583 daAuts
    D:11: 500 daAuts
     D:3: 482 daAuts
     D:9: 408 daAuts
     D:6: 353 daAuts
  Bailey: 294 daAuts
